 Dungeon Crawl Stone Soup version 0.27-a0-695-gb4952372f7 (webtiles) character file.

Game seed: 4967056485885430261

231 sleeves the Ducker (level 6, 0/50 HPs)
             Began as a Gnoll Gladiator on Mar 22, 2021.
             Slain by an orc
             ... wielding a +0 flail
              (7 damage)
             ... on level 6 of the Dungeon.
             The game lasted 00:06:50 (3873 turns).

sleeves the Ducker (Gnoll Gladiator)                Turns: 3873, Time: 00:06:51

Health: 0/50       AC:  6    Str: 15    XL:     6   Next: 3%
Magic:  8/8        EV: 13    Int:  8    God:
Gold:   193        SH:  0    Dex: 13    Spells: 8/8 levels left

rFire    . . .     SeeInvis .   a - +0 long sword
rCold    . . .     Faith    .   (no shield)
rNeg     . . .     Spirit   .   p - +0 ring mail
rPois    .         Reflect  .   c - +0 helmet
rElec    .         Harm     .   (no cloak)
rCorr    .         Rampage  .   (no gloves)
Will     .....                  (no boots)
Stlth    +.........             (no amulet)
HPRegen  0.16/turn              (no ring)
MPRegen  0.11/turn              (no ring)

@: no status effects
A: fangs 1, strong nose, distributed training
a: no special abilities


You were on level 6 of the Dungeon.
You visited 1 branch of the dungeon, and saw 5 of its levels.

You collected 193 gold pieces.

Inventory:

Hand Weapons
 a - a +0 long sword (weapon)
Missiles
 d - a throwing net (quivered)
 m - 5 poisoned darts
Armour
 c - a +0 helmet (worn)
 p - a +0 ring mail (worn)
   (You found it on level 3 of the Dungeon)
Magical Staves
 e - a staff of fire
   (You found it on level 1 of the Dungeon)
Scrolls
 g - a scroll of teleportation {unknown}
 k - a scroll of magic mapping {unknown}
 o - a scroll of enchant armour {unknown}
 q - 2 scrolls of silence {unknown}
Potions
 b - 2 potions of brilliance {unknown}
 h - a potion of attraction {unknown}
 i - a potion of curing {unknown}
 j - 2 potions of mutation {unknown}
 l - a potion of haste {unknown}
 n - a potion of heal wounds {unknown}


   Skills:
 + Level 4.9 Fighting
 + Level 1.7 Short Blades
 + Level 6.7 Long Blades
 + Level 1.7 Axes
 + Level 1.7 Maces & Flails
 + Level 1.7 Polearms
 + Level 1.7 Staves
 + Level 1.7 Slings
 + Level 1.7 Bows
 + Level 1.7 Crossbows
 + Level 4.9 Throwing
 + Level 1.7 Armour
 + Level 6.7 Dodging
 + Level 1.7 Stealth
 + Level 1.7 Shields
 + Level 1.7 Unarmed Combat
 + Level 1.7 Spellcasting
 + Level 1.3 Conjurations
 + Level 1.3 Hexes
 + Level 1.3 Summonings
 + Level 1.3 Necromancy
 + Level 1.3 Translocations
 + Level 1.3 Transmutations
 + Level 1.3 Fire Magic
 + Level 1.3 Ice Magic
 + Level 1.3 Air Magic
 + Level 1.3 Earth Magic
 + Level 1.3 Poison Magic
 + Level 2.0 Invocations
 + Level 1.7 Evocations


You had 8 spell levels left.
You didn't know any spells.
Your spell library contained the following spells:

 Spells                   Type           Power      Damage    Failure   Level
 Animate Skeleton         Necr           4%         N/A       38%         1
 Apportation              Tloc           4%         N/A       38%         1
 Corona                   Hex            2%         N/A       38%         1
 Summon Small Mammal      Summ           8%         N/A       38%         1
 Call Imp                 Summ           2%         N/A       52%         2
 Call Canine Familiar     Summ           2%         N/A       77%         3
 Summon Guardian Golem    Hex/Summ       2%         N/A       77%         3
 Summon Ice Beast         Ice/Summ       2%         N/A       99%         4
 Summon Lightning Spire   Summ/Air       2%         N/A       99%         4


Dungeon Overview and Level Annotations

Branches:
Dungeon (4/15)
 Temple: D:4-7

Altars:
Kikubaaqudgha

Shops:
D:4 !

Annotations:
D:4 exclusion: sky beast, Blork the orc


Innate Abilities, Weirdness & Mutations

You have very sharp teeth.
Your uncanny sense of smell can sniff out nearby items.
Your experience applies equally to all skills.


Message History

There are monsters nearby!
There are monsters nearby!
The jackal barks!
You barely miss the jackal.
The jackal barks!
The jackal closely misses you.
You riposte.
You closely miss the jackal. You closely miss the jackal. The jackal bites you.
The jackal misses you.
You barely miss the jackal. The jackal barely misses you.
You hit the jackal.
You kill the jackal!
The jackal misses you.
You completely miss the jackal. The jackal barely misses you.
You hit the jackal.
The jackal is severely wounded.
The jackal completely misses you. The jackal barely misses you.
You riposte.
You miss the jackal.
The jackal is heavily wounded.
You closely miss the jackal. Your bite misses the jackal.
The jackal is heavily wounded.
The jackal bites you.
You slash the jackal!
You kill the jackal!
No target in view!
No target in view!
No target in view!
No target in view!
No target in view!
No target in view!
No target in view!
No target in view!
Things that are here:
a jackal corpse; a jackal corpse
Found a stone staircase leading down.
There is a stone staircase leading down here.
You open the door.
There is an open door here.
There is an open door here.
You now have 41 gold pieces (gained 8).
You now have 50 gold pieces (gained 9).
A rat comes into view.
You hit the rat.
You kill the rat!
No target in view!
You see here a rat corpse.
You see here a +0 plate armour.
Done exploring.
Done exploring.
Done exploring.
Done exploring.
No target in view!
(D) Dungeon
Where to? (Enter - D:2, ? - help)
There is a stone staircase leading down here.
You climb downwards.
A leopard gecko and a kobold come into view.
The kobold is quivering poisoned darts.
Found a stone staircase leading up.
There is a stone staircase leading up here.
There are monsters nearby!
The leopard gecko closely misses you.
You riposte.
You hit the leopard gecko but do no damage.
You closely miss the leopard gecko. The leopard gecko barely misses you.
You completely miss the leopard gecko.
You bite the leopard gecko, but do no damage.
The leopard gecko barely misses you.
You miss the leopard gecko.
The leopard gecko bites you but does no damage.
The leopard gecko bites you.
You hit the leopard gecko.
The leopard gecko is severely wounded.
The leopard gecko completely misses you.
You hit the leopard gecko.
The leopard gecko is almost dead.
The leopard gecko closely misses you.
You barely miss the leopard gecko.
The leopard gecko is almost dead.
The leopard gecko bites you but does no damage.
You hit the leopard gecko.
You kill the leopard gecko!
No target in view!
No target in view!
No target in view!
No target in view!
No target in view!
No target in view!
HP restored.
There is a stone staircase leading up here.
A kobold is nearby!
A kobold is nearby!
A kobold is nearby!
Found 18 gold pieces.
The kobold barely misses you.
You closely miss the kobold. The kobold closely misses you.
You hit the kobold but do no damage. The kobold barely misses you.
You hit the kobold.
The kobold is severely wounded.
The kobold hits you but does no damage.
You closely miss the kobold.
The kobold is severely wounded.
The kobold misses you.
You riposte.
You completely miss the kobold. Your bite misses the kobold.
The kobold is severely wounded.
You hit the kobold.
You kill the kobold!
No target in view!
No target in view!
No target in view!
No target in view!
No target in view!
No target in view!
m - 6 poisoned darts You see here a kobold corpse.
A goblin comes into view. It is wielding a +0 dagger.
A goblin is nearby!
Found a hardcover book.
You see here 18 gold pieces.
The goblin shouts!
You hear an angry hiss. x2
The goblin hits you with a +0 dagger.
You hit the goblin.
You kill the goblin!
An adder comes into view.
Your Conjurations skill increases to level 1!
Your Hexes skill increases to level 1!
Your Summonings skill increases to level 1!
Your Necromancy skill increases to level 1!
Your Translocations skill increases to level 1!
Your Transmutations skill increases to level 1!
Your Fire Magic skill increases to level 1!
Your Ice Magic skill increases to level 1!
Your Air Magic skill increases to level 1!
Your Earth Magic skill increases to level 1!
Your Poison Magic skill increases to level 1!
An adder comes into view.
You see here a +0 dagger.
You barely miss the adder. The adder barely misses you.
The adder hisses angrily.
You slash the adder!
The adder is almost dead.
The adder bites you. The adder barely misses you.
A giant cockroach comes into view.
You closely miss the adder.
The adder is almost dead.
A leopard gecko comes into view.
The adder bites you.
You are poisoned.
The adder poisons you!
A frilled lizard comes into view.
You feel sick.
The leopard gecko hisses angrily.
A worm comes into view.
The adder barely misses you.
You riposte.
You barely miss the adder.
The adder is almost dead.
You see here a +0 dagger.
You feel sick.
You see here 18 gold pieces.
The adder barely misses you.
You feel sick. The adder barely misses you.
There is a stone staircase leading up here.
The adder bites you but does no damage.
You climb upwards.
There is a stone staircase leading down here.
You closely miss the adder.
The adder is almost dead.
The adder bites you but does no damage.
You barely miss the adder.
The adder is almost dead.
You feel sick.
You are no longer poisoned.
The adder bites you but does no damage. The adder bites you.
You hit the adder.
You kill the adder!
You see here an adder corpse.
You start resting.
HP restored.
There is a stone staircase leading down here.
You climb downwards.
There is a stone staircase leading up here.
There are monsters nearby!
There are monsters nearby!
There are monsters nearby!
The adder closely misses you.
You barely miss the adder. The adder misses you.
You hit the adder.
The adder is moderately wounded.
The adder bites you but does no damage.
You hit the adder.
The adder is severely wounded.
The adder bites you.
You are poisoned.
The adder poisons you! The adder bites you.
You closely miss the adder. You bite the adder.
The adder is severely wounded.
You feel sick. The adder closely misses you.
You miss the adder.
The adder is severely wounded.
The adder bites you. The adder closely misses you.
You riposte.
You hit the adder.
You kill the adder!
The leopard gecko bites you. x2
You closely miss the leopard gecko.
You feel sick. The leopard gecko closely misses you.
You miss the leopard gecko. The leopard gecko misses you.
You riposte.
You hit the leopard gecko.
The leopard gecko is lightly wounded.
You barely miss the leopard gecko.
The leopard gecko is lightly wounded.
The leopard gecko bites you but does no damage.
The leopard gecko bites you.
You hit the leopard gecko but do no damage.
The leopard gecko closely misses you.
You riposte.
You barely miss the leopard gecko. You closely miss the leopard gecko.
Your bite misses the leopard gecko.
You feel sick.
The leopard gecko completely misses you.
You riposte.
You hit the leopard gecko but do no damage.
You slash the leopard gecko!
You kill the leopard gecko!
You see here a leopard gecko corpse.
You feel sick.
You are no longer poisoned.
There is a stone staircase leading up here.
A frilled lizard is nearby!
A frilled lizard is nearby!
A frilled lizard is nearby!
The frilled lizard hisses angrily.
You hear a shout!
A goblin comes into view. It is wielding a +0 mace.
The frilled lizard bites you but does no damage.
You see here a leopard gecko corpse.
You hit the goblin.
The goblin is heavily wounded.
The frilled lizard closely misses you.
You riposte.
You closely miss the frilled lizard. The goblin hits you with a +0 mace.
The frilled lizard closely misses you.
You hit the goblin.
You kill the goblin!
The frilled lizard barely misses you.
You riposte.
You slash the frilled lizard!
You kill the frilled lizard!
No target in view!
An ooze comes into view.
Things that are here:
a +0 mace; a goblin corpse You hit the ooze.
The ooze is heavily wounded.
The ooze misses you.
You riposte.
You slash the ooze!
You kill the ooze!
You have reached level 5!
HP restored.
You now have 68 gold pieces (gained 18).
You see here a +0 dagger.
You pick up a book of Cantrips and begin reading...
You add the spells Corona, Animate Skeleton, Summon Small Mammal and Apportation to your library.
Found 25 sling bullets.
Found a stone staircase leading down.
Okay, then.
You now have 82 gold pieces (gained 14).
Found a stone staircase leading down.
n - a dark potion
Found a plate armour.
A giant cockroach comes into view.
Found four items.
A giant cockroach is nearby!
A giant cockroach is nearby!
A goblin comes into view.
There are monsters nearby!
You see here 5 gold pieces.
You hit the goblin.
The goblin is heavily wounded.
The goblin misses you.
You hit the goblin.
You kill the goblin!
The giant cockroach completely misses you.
The giant cockroach barely misses you.
You see here 14 gold pieces.
You slash the giant cockroach!
You kill the giant cockroach!
No target in view!
No target in view!
No target in view!
No target in view!
No target in view!
No target in view!
No target in view!
No target in view!
No target in view!
You now have 96 gold pieces (gained 14).
You now have 101 gold pieces (gained 5).
Things that are here:
25 sling bullets; a goblin corpse You see here a +0 plate armour.
o - a scroll labelled HYPUITOF FENG You see here 18 arrows.
You see here a +0 ring mail.
p - a +0 ring mail You start removing your armour.
You continue taking off your +0 leather armour. x4
You finish taking off your +0 leather armour.
You start putting on your armour.
You continue putting on your +0 ring mail. x5
You finish putting on your +0 ring mail.
Drop what? 16/52 slots (_ for help) (? for menu, Esc to quit)
You drop a +0 leather armour.
Okay, then.
You don't know any spells.
Unknown command.
Things that are here:
26 arrows; a giant cockroach corpse A worm is nearby!
A worm is nearby!
A worm is nearby!
You hit the worm.
The worm is moderately wounded.
The worm bites you!
You hit the worm.
The worm is heavily wounded.
The worm bites you.
You slash the worm!
You kill the worm!
No target in view!
No target in view!
No target in view!
No target in view!
No target in view!
No target in view!
No target in view!
No target in view!
No target in view!
No target in view!
No target in view!
No target in view!
Magic restored.
A quokka comes into view.
A quokka is nearby!
A quokka is nearby!
A quokka is nearby!
You see here a worm corpse.
The quokka bites you but does no damage.
You hit the quokka but do no damage. Your bite misses the quokka.
The quokka closely misses you.
You hit the quokka.
The quokka is heavily wounded.
The quokka bites you but does no damage.
You barely miss the quokka.
The quokka is heavily wounded.
The quokka bites you but does no damage.
The quokka bites you.
You closely miss the quokka.
The quokka is heavily wounded.
The quokka barely misses you.
You slash the quokka!
You kill the quokka!
No target in view!
No target in view!
Key pressed, stopping explore.
A giant cockroach is nearby!
A giant cockroach is nearby!
The giant cockroach bites you but does no damage. x2
Found a smoky red potion.
You slash the giant cockroach!
You kill the giant cockroach!
No target in view!
No target in view!
No target in view!
No target in view!
No target in view!
No target in view!
No target in view!
You see here a giant cockroach corpse.
b - a smoky red potion
Found an ancient bone altar of Kikubaaqudgha.
A frilled lizard comes into view.
The frilled lizard hisses angrily.
You hit the frilled lizard.
You kill the frilled lizard!
No target in view!
No target in view!
No target in view!
No target in view!
No target in view!
No target in view!
No target in view!
No target in view!
You see here a frilled lizard corpse.
Found 13 stones.
A goblin comes into view.
The goblin shouts!
A goblin is nearby!
The goblin hits you but does no damage.
You barely miss the goblin. The goblin barely misses you.
You hit the goblin.
The goblin is heavily wounded.
The goblin hits you but does no damage.
You closely miss the goblin. Your bite misses the goblin.
The goblin is heavily wounded.
The goblin closely misses you.
You closely miss the goblin.
The goblin is heavily wounded.
The goblin barely misses you.
You hit the goblin.
You kill the goblin!
No target in view!
No target in view!
No target in view!
You see here 13 stones.
Found a stone staircase leading down.
A hobgoblin comes into view. It is wielding a +0 club.
The hobgoblin shouts!
You hear an angry hiss.
Found 13 gold pieces.
A hobgoblin is nearby!
You barely miss the hobgoblin. The hobgoblin closely misses you.
You riposte.
You hit the hobgoblin. You punch the hobgoblin.
The hobgoblin is heavily wounded.
An adder comes into view.
You barely miss the hobgoblin.
The hobgoblin is heavily wounded.
The hobgoblin hits you with a +0 club.
You slash the hobgoblin!
You kill the hobgoblin!
The adder bites you but does no damage.
Things that are here:
a +0 club; a hobgoblin corpse You barely miss the adder.
The adder closely misses you.
You closely miss the adder. The adder bites you.
You closely miss the adder. The adder closely misses you. The adder bites you.
You are poisoned.
The adder poisons you!
You closely miss the adder.
You feel sick. The adder bites you but does no damage.
You closely miss the adder.
The adder bites you but does no damage. x2
You slash the adder!
The adder is severely wounded.
You feel sick. The adder closely misses you.
You slash the adder!
You kill the adder!
No target in view!
You feel sick.
You feel sick.
You feel sick.
You feel sick.
You feel sick.
You are no longer poisoned.
Key pressed, stopping explore.
j - 2 fizzy golden potions (gained 1)
Things that are here:
a +0 club; a hobgoblin corpse You see here an adder corpse.
You now have 114 gold pieces (gained 13).
A jackal comes into view.
A jackal is nearby!
A jackal is nearby!
A jackal comes into view.
The jackal barks! x2; You hear a bark! x2; You hear an angry hiss.
A jackal comes into view.
A frilled lizard comes into view.
The jackal moves out of view.
A jackal comes into view.
The jackal barks!
The frilled lizard barely misses you.
You hit the frilled lizard.
You kill the frilled lizard!
You hit the jackal.
The jackal is almost dead.
The jackal bites you but does no damage.
You closely miss the jackal. You bite the jackal.
You kill the jackal!
The jackal closely misses you.
You closely miss the jackal. The jackal closely misses you.
You riposte.
You hit the jackal. Your bite misses the jackal.
The jackal is moderately wounded.
A rat comes into view.
You barely miss the jackal.
The jackal is moderately wounded.
The jackal bites you but does no damage. x2
You closely miss the jackal.
The jackal is moderately wounded.
The jackal misses you. The jackal closely misses you.
You riposte.
You barely miss the jackal. You bite the jackal, but do no damage.
The jackal is moderately wounded.
You slash the jackal!
You kill the jackal!
You closely miss the jackal. You bite the jackal.
The jackal is moderately wounded.
The jackal bites you.
The jackal bites you but does no damage.
You hit the jackal.
You kill the jackal!
You slash the jackal!
You kill the jackal!
You closely miss the rat. The rat bites you but does no damage.
You hit the rat.
You kill the rat!
No target in view!
No target in view!
No target in view!
No target in view!
No target in view!
No target in view!
No target in view!
No target in view!
No target in view!
No target in view!
No target in view!
No target in view!
No target in view!
Found an escape hatch in the ceiling.
Things that are here:
a jackal corpse; a jackal corpse A quokka comes into view.
A quokka is nearby!
A quokka is nearby!
You hit the quokka. You punch the quokka, but do no damage.
Your bite misses the quokka.
The quokka is lightly wounded.
The quokka bites you.
You closely miss the quokka. Your bite misses the quokka.
The quokka is lightly wounded.
The quokka completely misses you.
You slash the quokka!
You kill the quokka!
No target in view!
No target in view!
No target in view!
No target in view!
No target in view!
No target in view!
You see here a quokka corpse.
You open the door.
There is an open door here.
You now have 127 gold pieces (gained 13).
You open the door.
There is an open door here.
Key pressed, stopping explore.
A ball python comes into view.
The ball python hisses angrily.
Found 24 stones.
A ball python is nearby!
You closely miss the ball python. The ball python closely misses you. x2
You hit the ball python.
You kill the ball python!
No target in view!
No target in view!
No target in view!
No target in view!
No target in view!
No target in view!
No target in view!
No target in view!
You see here 24 stones.
A goblin comes into view.
A goblin is nearby!
A goblin is nearby!
The goblin shouts!
Found an escape hatch in the floor.
You slash the goblin!
You kill the goblin!
No target in view!
No target in view!
No target in view!
No target in view!
No target in view!
No target in view!
No target in view!
No target in view!
No target in view!
No target in view!
b - 2 smoky red potions (gained 1);
q - a scroll labelled JATEWO QUUTWAO You now have 142 gold pieces (gained 15).
Found a stone staircase leading up.
An orc comes into view. It is wielding a +0 short sword.
The orc shouts!
The orc barely misses you.
You barely miss the orc. The orc hits you with a +0 short sword.
You hit the orc.
The orc is heavily wounded.
The orc hits you with a +0 short sword.
You barely miss the orc.
The orc is heavily wounded.
The orc hits you but does no damage.
You slash the orc!
You kill the orc!
No target in view!
No target in view!
No target in view!
No target in view!
No target in view!
No target in view!
No target in view!
No target in view!
Things that are here:
a +0 short sword; an orc corpse
Things that are here:
a +0 short sword; an orc corpse
Found a dagger.
You see here a +0 dagger.
A goblin comes into view.
A worm and a giant cockroach come into view.
The goblin hits you but does no damage.
You barely miss the goblin. The goblin completely misses you.
You riposte.
You slash the goblin!
You kill the goblin!
You closely miss the giant cockroach. The giant cockroach bites you.
You barely miss the giant cockroach. The giant cockroach closely misses you.
You slash the giant cockroach!
You kill the giant cockroach!
You hit the worm but do no damage. The worm bites you but does no damage.
You slash the worm!
The worm is heavily wounded.
The worm bites you.
You hit the worm.
The worm is severely wounded.
A worm is nearby!
You hit the worm.
You kill the worm!
No target in view!
No target in view!
No target in view!
No target in view!
No target in view!
A hobgoblin comes into view. It is wielding a +0 dagger.
A hobgoblin is nearby!
A hobgoblin is nearby!
The hobgoblin shouts!
No target in view!
No target in view!
No target in view!
No target in view!
No target in view!
No target in view!
No target in view!
No target in view!
No target in view!
No target in view!
A hobgoblin is nearby!
You closely miss the hobgoblin.
You bite the hobgoblin, but do no damage.
The hobgoblin hits you but does no damage.
You closely miss the hobgoblin. The hobgoblin closely misses you.
You riposte.
You hit the hobgoblin.
You kill the hobgoblin!
No target in view!
No target in view!
No target in view!
No target in view!
No target in view!
No target in view!
No target in view!
No target in view!
No target in view!
No target in view!
No target in view!
You see here a giant cockroach corpse.
q - 2 scrolls labelled JATEWO QUUTWAO (gained 1)
Things that are here:
a +0 dagger; a hobgoblin corpse 2 gnolls come into view.
The gnoll shouts!
The gnoll moves out of view.
A gnoll is nearby!
A gnoll is nearby!
No reachable target in view!
No reachable target in view!
A gnoll comes into view. It is wielding a +0 flail.
The gnoll hits you with a +0 flail.
You hit the gnoll.
The gnoll is heavily wounded.
The gnoll hits you with a +0 flail!
You barely miss the gnoll.
The gnoll is heavily wounded.
The gnoll closely misses you.
You riposte.
You slash the gnoll!
You kill the gnoll!
No target in view!
No target in view!
No target in view!
No target in view!
No target in view!
No target in view!
No target in view!
No target in view!
No target in view!
No target in view!
No target in view!
No target in view!
No target in view!
A gnoll is nearby!
The gnoll hits you with a +0 club!
You are too injured to fight recklessly!
You are too injured to fight recklessly!
You are too injured to fight recklessly!
You are too injured to fight recklessly!
You are too injured to fight recklessly!
You are too injured to fight recklessly!
You are too injured to fight recklessly!
You are too injured to fight recklessly!
You are too injured to fight recklessly!
You are too injured to fight recklessly!
You are too injured to fight recklessly!
You are too injured to fight recklessly!
You barely miss the gnoll. The gnoll barely misses you.
You riposte.
You hit the gnoll.
The gnoll is lightly wounded.
You hit the gnoll.
The gnoll is heavily wounded.
The gnoll completely misses you. The gnoll barely misses you.
You hit the gnoll but do no damage.
The gnoll is heavily wounded.
The gnoll closely misses you.
You hit the gnoll. You punch the gnoll.
You kill the gnoll!
The gnoll closely misses you.
You hit the gnoll. You bite the gnoll.
The gnoll is moderately wounded.
The gnoll closely misses you.
You hit the gnoll. You bite the gnoll, but do no damage.
The gnoll is moderately wounded.
The gnoll hits you with a +0 whip.
* * * LOW HITPOINT WARNING * * *
You closely miss the gnoll.
The gnoll is moderately wounded.
The gnoll hits you with a +0 whip.
* * * LOW HITPOINT WARNING * * *
You hit the gnoll.
The gnoll is moderately wounded.
The gnoll hits you with a +0 whip.
* * * LOW HITPOINT WARNING * * *
You slash the gnoll!
You kill the gnoll!
Key pressed, stopping explore.
Things that are here:
a +0 whip; a gnoll corpse
Things that are here:
a +0 club; a gnoll corpse
Things that are here:
a +0 whip; a gnoll corpse
Things that are here:
a +0 flail; a gnoll corpse A giant cockroach comes into view.
A giant cockroach is nearby!
A giant cockroach is nearby!
The giant cockroach closely misses you.
You riposte.
You barely miss the giant cockroach. The giant cockroach closely misses you.
You closely miss the giant cockroach.
The giant cockroach bites you but does no damage.
You closely miss the giant cockroach. The giant cockroach closely misses you.
You riposte.
You hit the giant cockroach.
The giant cockroach is moderately wounded.
You slash the giant cockroach!
You kill the giant cockroach!
No target in view!
No target in view!
No target in view!
No target in view!
You see here a giant cockroach corpse.
You open the door.
There is an open door here.
You open the door.
Key pressed, stopping explore.
There is an open door here.
There is an escape hatch in the ceiling here.
A worm comes into view.
A worm is nearby!
A worm is nearby!
The worm barely misses you.
You riposte.
You slash the worm!
The worm is heavily wounded.
You hit the worm.
The worm is heavily wounded.
The worm barely misses you.
You riposte.
You slash the worm!
The worm is almost dead.
You slash the worm!
You kill the worm!
No target in view!
No target in view!
No target in view!
No target in view!
No target in view!
No target in view!
No target in view!
No target in view!
No target in view!
There is a stone staircase leading up here.
You see here a +0 mace.
You see here a +0 dagger.
Done exploring.
Done exploring.
Done exploring.
Done exploring.
(D) Dungeon
Where to? (Enter - D:2 @ (x,y), ? - help)
There is a stone staircase leading down here.
You climb downwards.
Found a stone staircase leading up and a stone staircase leading down.
There is a stone staircase leading up here.
Unknown command.
Found a ring mail.
A hound comes into view.
The hound barks!
Found a paperback book.
A hound is nearby!
You hit the hound but do no damage. The hound bites you. x2
You closely miss the hound. The hound bites you but does no damage.
You closely miss the hound. The hound bites you but does no damage.
The hound barely misses you.
You hit the hound but do no damage. The hound closely misses you.
You hit the hound. Your bite misses the hound.
The hound is moderately wounded.
The hound closely misses you. The hound bites you but does no damage.
You completely miss the hound. Your bite misses the hound.
The hound is moderately wounded.
The hound bites you. The hound misses you.
You closely miss the hound.
The hound is moderately wounded.
The hound barely misses you. x2; You riposte.
You closely miss the hound.
The hound is moderately wounded.
You closely miss the hound.
The hound is moderately wounded.
The hound barely misses you.
You hit the hound. You bite the hound, but do no damage.
The hound is heavily wounded.
The hound completely misses you. The hound barely misses you.
You closely miss the hound.
The hound is heavily wounded.
The hound bites you but does no damage.
You hit the hound.
The hound is almost dead.
The hound bites you but does no damage. The hound closely misses you.
You riposte.
You closely miss the hound. Your bite misses the hound.
The hound is almost dead.
You completely miss the hound.
The hound is almost dead.
The hound closely misses you.
You riposte.
You closely miss the hound.
The hound is almost dead.
The hound bites you.
You hit the hound.
You kill the hound!
No target in view!
No target in view!
No target in view!
No target in view!
No target in view!
No target in view!
No target in view!
No target in view!
No target in view!
No target in view!
No target in view!
No target in view!
HP restored.
You pick up a book of Callings and begin reading...
You add the spells Call Imp, Call Canine Familiar, Summon Guardian Golem, Summon Lightning Spire and Summon Ice Beast to your library.
Okay, then.
You now have 155 gold pieces (gained 13).
An adder comes into view.
An adder is nearby!
An adder is nearby!
The adder hisses angrily.
The adder barely misses you. The adder bites you but does no damage.
You hit the adder but do no damage. The adder misses you.
You riposte.
You hit the adder but do no damage. You bite the adder.
The adder is lightly wounded.
You slash the adder!
The adder is severely wounded.
The adder barely misses you.
You miss the adder.
The adder is severely wounded.
The adder closely misses you. The adder barely misses you.
You slash the adder!
You kill the adder!
Your Invocations skill increases to level 2!
You have reached level 6!
Your experience leads to an increase in your attributes!
Increase (S)trength, (I)ntelligence, or (D)exterity?
You feel clever.
A sky beast comes into view.
Found Aler's Distillery.
A sky beast is nearby!
A sky beast is nearby!
You aren't carrying any items that you can evoke.
Unknown command.
Found a chain mail.
You see here a +0 chain mail.
Found an encrusted dagger.
You now have 165 gold pieces (gained 10).
You now have 181 gold pieces (gained 16).
Found a ring mail.
You now have 193 gold pieces (gained 12).
Blork the orc comes into view.
He is wielding a +0 flail.
Blork the orc shouts!
Found a leather armour.
Blork the orc is nearby!
Blork the orc is nearby!
A worker ant comes into view.
Blork the orc screams, "I'll break your legs!"
Blork the orc miscasts a cantrip.
You fall into a shaft and drop 2 floors!
The shaft crumbles and collapses.
An ogre comes into view. It is wielding a +0 giant spiked club.
The ogre shouts!
A hound comes into view.
The hound barks!
Found a runed robe and a purple potion.
Found a stone staircase leading down.
A leopard gecko, a quokka and a giant cockroach come into view.
You see here 16 stones.
Unknown command.
Unknown command.
Okay, then.
Okay, then.
Found 26 gold pieces.
Found a stone staircase leading down.
A quasit comes into view.
Okay, then.
Okay, then.
You aren't carrying any items that you can evoke.
Unknown command.
You see here 14 gold pieces.
The quokka bites you but does no damage.
The quokka bites you but does no damage.
You open the door. The quokka bites you.
Found 12 arrows and 6 gold pieces.
The quokka closely misses you.
There is an open door here.
As you read the scroll labelled VEWO BAHIDUTHRA, it crumbles to dust.
You assume a fearsome visage.
The giant cockroach looks frightened!
The hound looks frightened!
The quokka looks frightened!
The quasit is unaffected.
It was a scroll of fear.
Cornered, the quokka turns to fight!
You open the door.
Found a scale mail.
There is an open door here.
You close the door.
You open the large door. 2 orcs and an orc wizard come into view.
The orc shouts!
You hear a shout!
You close the large door.
Something unseen opens the large door.
You open the door.
There is an open door here.
Found a leather armour.
You see here a +0 leather armour.
An ogre comes into view. It is wielding a +0 giant spiked club.
The helpless ogre fails to defend itself.
You hit the ogre. Your bite misses the ogre.
The ogre is lightly wounded.
The ogre hits you with a +0 giant spiked club!!
Okay, then.
Okay, then.
Throw: 6 darts (poison)
Press: ? - help, Q - select action, (/) - cycle Shift-Dir - straight line, f - ogre
Aim: an ogre, wielding a +0 giant spiked club (lightly wounded, 76% to hit)
You throw a poisoned dart. The poisoned dart hits the ogre.
The ogre is lightly wounded.
Throw: 5 darts (poison)
Press: ? - help, Q - select action, (/) - cycle Shift-Dir - straight line, f/p - ogre
Aim: an ogre, wielding a +0 giant spiked club (lightly wounded, 76% to hit)
Okay, then.
Throw: 3 throwing nets
Press: ? - help, Q - select action, (/) - cycle Shift-Dir - straight line, f/p - ogre
Aim: an ogre, wielding a +0 giant spiked club (lightly wounded, 76% to hit)
You throw a throwing net. The throwing net hits the ogre.
The ogre is caught in the net!
The ogre is lightly wounded.
The ogre struggles against the net.
You hit the ogre.
The ogre is moderately wounded.
The ogre struggles against the net.
You catch the helpless ogre completely off-guard!
You hit the ogre.
The ogre is heavily wounded.
The ogre struggles against the net.
The orc closely misses you. The orc misses you.
You hit the ogre.
The ogre is heavily wounded.
The ogre struggles against the net.
The orc closely misses you. The orc barely misses you.
The ogre struggles against the net.
The net rips apart, and the ogre comes free!
Throw: 2 throwing nets
Press: ? - help, Q - select action, (/) - cycle Shift-Dir - straight line, f/p - ogre
Aim: an ogre, wielding a +0 giant spiked club (heavily wounded, 76% to hit)
You throw a throwing net. The throwing net hits the ogre.
The ogre is caught in the net!
The ogre is heavily wounded.
The orc hits you with a +0 mace.
* * * LOW HITPOINT WARNING * * *
You strike the helpless ogre from behind!
You hit the ogre. You bite the ogre.
The ogre is severely wounded.
The ogre struggles against the net.
The orc hits you but does no damage. The orc hits you with a +0 mace!
* * * LOW HITPOINT WARNING * * *
The ogre struggles against the net.
You hit the ogre. You bite the ogre, but do no damage.
The ogre is almost dead.
The orc hits you with a +0 flail!
* * * LOW HITPOINT WARNING * * *
The orc barely misses you.
You riposte.
You hit the orc. You bite the orc, but do no damage.
The orc is severely wounded.
The ogre struggles against the net.
The orc hits you but does no damage.
You catch the helpless ogre completely off-guard!
You slash the ogre!
You kill the ogre!
The orc barely misses you. The orc hits you with a +0 flail!
You die...

∆ ∆ ∆ #oo....
.....
##########
.o....
......)@o#
....
########o# ...
#[# #'#
#.###+#o######
#.##..o......#
#.##.........#
#..'.........#
####......[..#
####+######


You could see 2 orcs.

Vanquished Creatures
  An ogre (D:6)
  A hound (D:4)
  3 gnolls (D:3)
  7 adders
  An ooze (D:3)
  An adder skeleton (D:2)
  5 worms
  4 dart slugs
  2 leopard geckos (D:3)
  An orc (D:3)
  A bat (D:2)
  A bat skeleton (D:2)
  A bat zombie (D:2)
  4 giant cockroaches (D:3)
  11 goblins
  4 hobgoblins
  9 jackals
  5 kobolds
  4 quokkas
  A ball python (D:3)
  A ball python skeleton (D:2)
  6 frilled lizards
  5 rats
79 creatures vanquished.

Notes
Turn   | Place    | Note
-------+----------+-------------------------------------------
     0 | D:1      | sleeves the Gnoll Gladiator began the quest for the Orb.
     0 | D:1      | Reached XP level 1. HP: 20/20 MP: 1/1
     2 | D:1      | Noticed an elf
     4 | D:1      | Noticed a naga
     4 | D:1      | Noticed a minotaur
     6 | D:1      | Noticed a centaur
     6 | D:1      | Noticed an octopode
     8 | D:1      | Noticed a tengu
     8 | D:1      | Noticed a troll
    10 | D:1      | Noticed an ogre
    10 | D:1      | Noticed a human
    12 | D:1      | Noticed a spriggan
    14 | D:1      | Noticed a demigod
    14 | D:1      | Noticed a merfolk
    16 | D:1      | Noticed a vampire
    16 | D:1      | Noticed a ghoul
    18 | D:1      | Noticed a halfling
    18 | D:1      | Noticed a draconian
    20 | D:1      | Noticed a formicid
    20 | D:1      | Noticed a felid
    22 | D:1      | Noticed a gargoyle
    24 | D:1      | Noticed a demonspawn
    24 | D:1      | Noticed a dwarf
    26 | D:1      | Noticed a vine stalker
   195 | D:1      | Reached XP level 2. HP: 23/26 MP: 2/2
   956 | D:2      | Reached XP level 3. HP: 21/31 MP: 3/3
  1134 | D:2      | Reached skill level 1 in Invocations
  1268 | D:2      | Reached skill level 1 in Short Blades
  1268 | D:2      | Reached skill level 1 in Axes
  1268 | D:2      | Reached skill level 1 in Maces & Flails
  1268 | D:2      | Reached skill level 1 in Polearms
  1268 | D:2      | Reached skill level 1 in Staves
  1268 | D:2      | Reached skill level 1 in Slings
  1268 | D:2      | Reached skill level 1 in Bows
  1268 | D:2      | Reached skill level 1 in Crossbows
  1268 | D:2      | Reached skill level 1 in Armour
  1268 | D:2      | Reached skill level 1 in Stealth
  1268 | D:2      | Reached skill level 1 in Shields
  1268 | D:2      | Reached skill level 1 in Unarmed Combat
  1268 | D:2      | Reached skill level 1 in Spellcasting
  1268 | D:2      | Reached skill level 1 in Evocations
  1368 | D:2      | Reached XP level 4. HP: 26/38 MP: 5/5
  2035 | D:3      | Reached skill level 1 in Conjurations
  2035 | D:3      | Reached skill level 1 in Hexes
  2035 | D:3      | Reached skill level 1 in Summonings
  2035 | D:3      | Reached skill level 1 in Necromancy
  2035 | D:3      | Reached skill level 1 in Translocations
  2035 | D:3      | Reached skill level 1 in Transmutations
  2035 | D:3      | Reached skill level 1 in Fire Magic
  2035 | D:3      | Reached skill level 1 in Ice Magic
  2035 | D:3      | Reached skill level 1 in Air Magic
  2035 | D:3      | Reached skill level 1 in Earth Magic
  2035 | D:3      | Reached skill level 1 in Poison Magic
  2302 | D:3      | Reached XP level 5. HP: 40/43 MP: 6/6
  2536 | D:3      | Found an ancient bone altar of Kikubaaqudgha.
  3174 | D:3      | HP: 19/43 [gnoll/+0 whip (5)]
  3728 | D:4      | Reached skill level 2 in Invocations
  3728 | D:4      | Reached XP level 6. HP: 50/50 MP: 8/8
  3747 | D:4      | Found Aler's Distillery.
  3747 | D:4      | Noticed a sky beast
  3803 | D:4      | Noticed Blork the orc
  3812 | D:4      | You fall into a shaft and drop 2 floors!
  3870 | D:6      | HP: 25/50 [orc/+0 mace (5)]
  3872 | D:6      | HP: 7/50 [orc/+0 flail (10)]
  3873 | D:6      | Slain by an orc

Illustrated notes

Levels and vault maps discovered:
D:1:      kb_arrival_jail, layout_basic
D:2:      layout_basic, serial_undead, serial_undead_f, serial_undead_d,
          serial_undead_f, serial_undead_e, minmay_misc_feat_five
D:3:      layout_loops_ring, nicolae_kikubaaqudgha_miasma_corner,
          dk_noncrumbling_2, grunt_decor_cap, minmay_randomly_rotated_circles
D:4:      layout_basic, serial_shops, shop, uniq_blork_the_orc, uniq_menkaure
D:6:      layout_basic, minmay_temple_entry_glassed_door

Skill      XL: |  1  2  3  4  5 |
---------------+----------------+-----
Invocations    | 1 2 |  2.0
Short Blades   | 1 |  1.7
Axes           | 1 |  1.7
Maces & Flails | 1 |  1.7
Polearms       | 1 |  1.7
Staves         | 1 |  1.7
Slings         | 1 |  1.7
Bows           | 1 |  1.7
Crossbows      | 1 |  1.7
Armour         | 1 |  1.7
Stealth        | 1 |  1.7
Shields        | 1 |  1.7
Unarmed Combat | 1 |  1.7
Spellcasting   | 1 |  1.7
Evocations     | 1 |  1.7
Conjurations   | 1 |  1.3
Hexes          | 1 |  1.3
Summonings     | 1 |  1.3
Necromancy     | 1 |  1.3
Translocations | 1 |  1.3
Transmutations | 1 |  1.3
Fire Magic     | 1 |  1.3
Ice Magic      | 1 |  1.3
Air Magic      | 1 |  1.3
Earth Magic    | 1 |  1.3
Poison Magic   | 1 |  1.3
Fighting       | |  4.9
Long Blades    | |  6.7
Throwing       | |  4.9
Dodging        | |  6.7

Action                   |  1- 3 |  4- 6 || total
-------------------------+-------+-------++-------
Melee: Long sword        |    83 |   165 ||   248
       Bite              |    13 |    18 ||    31
       Punch             |       |     3 ||     3
Throw: Throwing net      |     1 |     2 ||     3
       Dart              |       |     1 ||     1
  Use: Scroll            |       |     1 ||     1
 Stab: Held in net/web   |       |     3 ||     3
       Sleeping          |       |     1 ||     1
Armor: Leather armour    |    23 |    14 ||    37
       Ring mail         |       |    31 ||    31
Dodge: Dodged            |    53 |   116 ||   169
       Rpst.: Long sword |    16 |    34 ||    50

Table legend: (Time is in decaauts)
 A = Elapsed time spent in this place.
 B = Non-inter-level travel time spent in this place.
 C = Inter-level travel time spent in this place.
 D = Time resting spent in this place.
 E = Time spent auto-exploring this place.
 F = Levels seen in this place.
 G = Mean time per level.
                   A        B        C        D        E       F      G
               +--------+--------+--------+--------+--------+-----+--------+
         Total |   3893 |   3792 |    101 |    207 |   2944 |   5 |  778.6 |
       Dungeon |   3893 |   3792 |    101 |    207 |   2944 |   5 |  778.6 |
               +--------+--------+--------+--------+--------+-----+--------+

Top non-repeatable levels by time:
     D:3: 1530 daAuts
     D:2: 1183 daAuts
     D:1: 935 daAuts
     D:4: 183 daAuts
     D:6: 60 daAuts
